 Dungeon Crawl Stone Soup version 0.29.1-1-gd02db6906a (webtiles) character file.

Game seed: 17874990166420095264

4138 mortz the Destroyer (level 10, -1/77 HPs)
             Began as a Black Draconian Conjurer on Sept 20, 2022.
             Was an Initiate of Hepliaklqana.
             Killed from afar by Maurice (13 damage)
             ... with a bolt of light
             ... on level 8 of the Dungeon on Sept 21, 2022.
             The game lasted 01:04:12 (9404 turns).

mortz the Destroyer (Black Draconian Conjurer)      Turns: 9404, Time: 01:04:12

Health: -1/77      AC: 12    Str: 14    XL:     10   Next: 7%
Magic:  26/26      EV: 13    Int: 22    God:    Hepliaklqana [......]
Gold:   438        SH:  0    Dex: 10    Spells: 5/19 levels left

rFire   . . .      SeeInvis +   a - +7 Singing Sword {vorpal, sonic wave}
rCold   + . .      Faith    .   (no shield)
rNeg    . . .      Spirit   .   (body armour unavailable)
rPois   .          Reflect  .   (helmet restricted)
rElec   +          Harm     .   h - +2 cloak
rCorr   .          Rampage  .   z - +1 pair of gloves of Impermeability {rC+ Str+4}
Will    .....                   (no boots)
Stlth   +++.......              (no amulet)
HPRegen 0.22/turn               n - ring of magical power
MPRegen 0.20/turn               v - ring of see invisible

@: no status effects
A: breathe lightning, AC +7, unfitting armour, electricity resistance,
cold-blooded
a: Breathe Lightning, Renounce Religion


You were on level 8 of the Dungeon.
You worshipped Hepliaklqana.
Hepliaklqana was noncommittal.
You visited 2 branches of the dungeon, and saw 9 of its levels.
You also visited: Sewer and Ossuary.

You collected 438 gold pieces.

Inventory:

Hand Weapons
 a - the +7 Singing Sword (weapon) {vorpal, sonic wave}
   (You acquired it on level 7 of the Dungeon)

   It inflicts extra damage upon your enemies.
   It radiates damaging sonic waves as it strikes, especially in combat
   involving dangerous or numerous foes.
 c - a +0 dagger of freezing
 d - a +0 hand axe
 f - a +0 dagger of electrocution
 y - a +1 dagger of speed
 B - a +4 short sword
 D - a +1 spectral scimitar
Missiles
 j - 2 silver boomerangs
Armour
 h - a +2 cloak (worn)
 z - the +1 pair of gloves of Impermeability (worn) {rC+ Str+4}
   (You acquired it on level 7 of the Dungeon)

   Str:       It affects your strength (+4).
   rC:        It protects you from cold.
Jewellery
 n - a ring of magical power (left hand)
 t - a ring of positive energy
 v - a ring of see invisible (right hand)
Wands
 p - a wand of flame (25)
 A - a wand of polymorph (7)
Scrolls
 m - 2 scrolls of teleportation
 s - 2 scrolls of fear
 C - a scroll of summoning
Potions
 b - a potion of berserk rage
 e - 2 potions of might
 g - 3 potions of invisibility
 i - a potion of brilliance
 k - a potion of haste
 l - 3 potions of degeneration {unknown}
 q - 4 potions of curing
 r - a potion of heal wounds
 u - 3 potions of magic
 w - a potion of cancellation
 x - 3 potions of mutation
 E - a potion of ambrosia


   Skills:
 + Level 3.6 Fighting
 + Level 1.3(4.0) Short Blades
 + Level 6.0(6.1) Long Blades
 + Level 0.7 Throwing
 + Level 4.3 Dodging
 + Level 5.5 Stealth
 + Level 5.2 Spellcasting
 * Level 8.3 Conjurations
 * Level 5.1 Translocations


You had 5 spell levels left.
You knew the following spells:

 Your Spells              Type           Power      Damage    Failure   Level
a - Magic Dart            Conj           100%       1d8       1%          1
b - Searing Ray           Conj           84%        2d7       1%          2
c - Iskenderun's Mystic   Conj/Tloc      35%        2d8       6%          4
d - Blink                 Tloc           56%        N/A       1%          2
e - Iskenderun's Battles  Conj           42%        2d9       9%          5

Your spell library contained the following spells:

 Spells                   Type           Power      Damage    Failure   Level
 Lesser Beckoning         Tloc           28%        N/A       3%          3
 Dazzling Flash           Conj/Hex       48%        N/A       5%          3
 Necrotise                Necr           20%        1d5       10%         1
 Scorch                   Fire           10%        2d6       16%         2
 Flame Wave               Conj/Fire      24%        2d8       19%         4
 Fulminant Prism          Conj/Hex       12%        3d9       19%         4
 Summon Guardian Golem    Hex/Summ       5%         N/A       30%         3
 Vampiric Draining        Necr           5%         2d6       30%         3
 Manifold Assault         Tloc           28%        N/A       32%         5
 Fireball                 Conj/Fire      12%        3d7       45%         5
 Agony                    Necr           5%         N/A       95%         5
 Conjure Ball Lightning   Conj/Air       12%        3x3d6     95%         6
 Orb of Destruction       Conj           21%        9d8       95%         7
 Summon Cactus Giant      Summ           2%         N/A       100%        6
 Spellforged Servitor     Conj/Summ      12%        N/A       100%        7


Dungeon Overview and Level Annotations

Branches:
Dungeon (8/15) Zot: 26002  Temple (1/1) D:5 Zot: 5972   Sewer (visited)
Ossuary (visited)
   Lair: D:8-11

Altars:
Ashenzari
Dithmenos
Elyvilon
Gozag
Hepliaklqana
Kikubaaqudgha
Makhleb
Nemelex Xobeh
Qazlal
Ru
Trog
Uskayaw
Wu Jian
Zin

Shops:
D:2 (

Annotations:
D:8 Maurice


Innate Abilities, Weirdness & Mutations

You can breathe wild blasts of lightning.
Your glossy black scales are hard. (AC +7)
You cannot fit into any form of body armour.
You are resistant to electric shocks. (rElec)
You are cold-blooded and may be slowed by cold attacks.


Message History

Maurice is heavily wounded.
Maurice picks up a scroll of identify.
You hit Maurice.
Maurice is severely wounded.
Maurice zaps a wand.
The bolt of light hits you!
You are confused.
You miss Maurice.
Maurice is severely wounded.
Maurice barely misses you.
You bump into the rock wall.
The sentinel's mark upon you fades away.
Maurice hits you but does no damage.
You closely miss Maurice.
Maurice is severely wounded.
You feel less confused.
You are no longer corroded.
Maurice zaps a wand.
The bolt of light hits you!
You are confused.
* * * LOW HITPOINT WARNING * * *
Maurice attacks as you move away! Maurice hits you with a +0 whip.
* * * LOW HITPOINT WARNING * * *
Maurice steals your +1 dagger of venom!
Maurice zaps a wand.
The bolt of light misses you.
You see here a +0 club.
You feel less confused.
Maurice throws a poisoned dart.
The poisoned dart completely misses you.
Maurice zaps a wand.
The bolt of light misses you.
You see here a +0 dagger.
You hit Maurice but do no damage.
Your tail-slap misses Maurice.
Maurice is severely wounded.
Maurice hits you but does no damage. Maurice hits you with a +0 whip.
* * * LOW HITPOINT WARNING * * *
Maurice steals 3 of your 4 potions of haste!
You closely miss Maurice.
Your tail-slap misses Maurice.
Maurice is severely wounded.
Maurice drinks a potion.
Maurice seems to speed up.
You slash Maurice!
Maurice is almost dead.
Maurice zaps a wand.
The bolt of light hits you!
You die...

......###.......#
##.#......#.#####.#
..#.#..>.........$.
##..[$....#.#######
#.$.....###.#
..........######
...###.........
.#@#....#######
#:@....## #)).....#
..# #...........
..# ..........####
#.# #.........##
#.# ###.##...## ###
#(# #. #####
##.###.# #.
##...##.# #.
##.....#.##


You could see Maurice (fast, invisible).

Vanquished Creatures
  Pikel (D:8)
  Prince Ribbit (D:7)
  Grinder (Sewer)
  A wyvern (D:8)
  Grum (D:8)
  A steam dragon (D:7)
  An acid dragon (D:8)
  4 sky beasts
  3 wolves (D:8)
  2 ogres
  A lemure (D:8)
  A centaur (D:7)
  3 phantoms
  2 kobold brigands
  Blork the orc (D:4)
  A bullfrog (D:7)
  A necrophage (D:4)
  A wight (Sewer)
  6 killer bees (D:8)
  2 jellies
  2 centaur zombies (Ossuary)
  2 orc priests
  8 hounds
  3 iguanas
  Ijyb (D:5)
  5 orc wizards
  7 mummies
  5 gnolls
  9 adders
  3 shadow imps (Sewer)
  2 white imps (D:6)
  4 ufetubi
  5 dart slugs
  24 orcs
  8 ball pythons
  5 bats
  9 endoplasms
  9 giant cockroaches
  6 goblins
  4 hobgoblins
  11 jackals
  24 kobolds
  7 quokkas
  5 frilled lizards
  A giant cockroach zombie (Sewer)
  5 hobgoblin zombies (Ossuary)
  8 rats
217 creatures vanquished.

Notes
Turn   | Place    | Note
-------+----------+-------------------------------------------
     0 | D:1      | mortz the Draconian Conjurer began the quest for the Orb.
     0 | D:1      | Reached XP level 1. HP: 14/14 MP: 3/3
   321 | D:1      | Reached XP level 2. HP: 20/20 MP: 1/5
   349 | D:1      | Learned a level 2 spell: Searing Ray
   671 | D:1      | Reached XP level 3. HP: 11/26 MP: 1/6
  1819 | D:2      | Reached skill level 5 in Conjurations
  1844 | D:2      | Found Zaneh's Weapon Shoppe.
  2088 | D:2      | Reached XP level 4. HP: 33/33 MP: 1/7
  2493 | D:2      | You fall into a shaft and drop 2 floors!
  2691 | D:4      | Found a glowing drain.
  2747 | D:4      | Reached skill level 1 in Short Blades
  2784 | Sewer    | Entered a sewer
  3062 | Sewer    | Reached XP level 5. HP: 38/38 MP: 8/8
  3219 | Sewer    | Found an ancient bone altar of Kikubaaqudgha.
  3226 | Sewer    | Noticed Grinder
  3261 | Sewer    | Killed Grinder
  3262 | Sewer    | Reached XP level 6. HP: 22/46 MP: 11/11
  3549 | Sewer    | Reached skill level 6 in Conjurations
  3684 | Sewer    | Your scales start taking on a glossy black colour.
  3684 | Sewer    | Reached XP level 7. HP: 39/51 MP: 3/12
  3684 | Sewer    | Gained mutation: You are resistant to electric shocks.
                  | (rElec) [Black Draconian growth]
  4437 | D:3      | Reached skill level 1 in Translocations
  4486 | D:3      | Identified the +1 whip of the Intense God {vorpal, *Noise
                  | rElec rN+ Will+}
  4752 | D:3      | Learned a level 4 spell: Iskenderun's Mystic Blast
  4755 | D:3      | Learned a level 2 spell: Blink
  4794 | D:4      | Noticed Blork the orc
  4803 | D:4      | Killed Blork the orc
  5186 | D:5      | Entered Level 5 of the Dungeon
  5194 | D:5      | Reached skill level 1 in Fighting
  5229 | D:5      | Found an opulent altar of Gozag.
  5463 | D:5      | Found a staircase to the Ecumenical Temple.
  5472 | Temple   | Entered the Ecumenical Temple
  5893 | D:5      | Reached skill level 1 in Long Blades
  5893 | D:5      | Reached XP level 8. HP: 59/59 MP: 15/15
  5968 | D:5      | Noticed Ijyb
  5978 | D:5      | Killed Ijyb
  6453 | D:5      | Identified a scroll of acquirement
  6453 | D:5      | Acquired a book of the Spheres
  6461 | D:5      | Learned a level 5 spell: Iskenderun's Battlesphere
  6655 | D:6      | Reached skill level 7 in Conjurations
  6910 | D:6      | Reached skill level 5 in Spellcasting
  7222 | D:6      | Found a hazy altar of Hepliaklqana.
  7226 | D:6      | Became a worshipper of Hepliaklqana the Forgotten
  7651 | D:7      | Reached XP level 9. HP: 61/67 MP: 16/16
  7688 | D:7      | Reached skill level 5 in Stealth
  7761 | D:7      | Noticed Prince Ribbit
  7777 | D:7      | Killed Prince Ribbit
  8303 | D:8      | Noticed Grum
  8350 | D:8      | Found a sand-covered staircase.
  8423 | Ossuary  | Entered an ossuary
  8825 | D:7      | Acquired the +7 Singing Sword {vorpal, sonic wave}
  8825 | D:7      | Found the +7 Singing Sword {vorpal, sonic wave}
  8829 | D:7      | Acquired the +1 pair of gloves of Impermeability {rC+
                  | Str+4}
  8912 | D:8      | Noticed Pikel
  8914 | D:8      | Reached skill level 5 in Long Blades
  8914 | D:8      | Reached skill level 8 in Conjurations
  8915 | D:8      | Killed Grum
  8925 | D:8      | Killed Pikel
  8926 | D:8      | Reached skill level 5 in Translocations
  9376 | D:8      | Noticed Maurice
  9381 | D:8      | Reached XP level 10. HP: 70/77 MP: 17/17
  9404 | D:8      | Killed from afar by Maurice

Illustrated notes

Levels and vault maps discovered:
D:1:      psy_arrival_radial02, layout_basic, chequers_serial_rivers_small_a,
          chequers_serial_rivers_room_b, minmay_indecisive_spiral
D:2:      wander_river, layout_loops_ring, serial_forest,
          infiniplex_forest_straight_2, infiniplex_forest_clump_tiny,
          infiniplex_forest_straight_3, infiniplex_forest_lined_1,
          infiniplex_forest_split, infiniplex_forest_lined_4_way, serial_shops,
          nicolae_shop_bloodbath_and_beyond, hangedman_decor_diamond_cutter,
          minmay_pentomino_s4
D:3:      layout_rooms
D:4:      layout_basic, gup_sewer_entry_glass, uniq_blork_the_orc
D:5:      layout_loops_corners, grunt_gozag_statues,
          minmay_temple_entry_large_hall, chequers_serial_rivers_large_a,
          uniq_grinder, uniq_ijyb
D:6:      layout_gridville, nzn_hepliaklqana_mist_gate, nicolae_sextant,
          eino_tiny_chamber
D:7:      layout_rooms, uniq_prince_ribbit1
D:8:      layout_loops_ring, gup_ossuary_entry_pyramid, uniq_pikel,
          uniq_maurice, uniq_grum
Temple:   hellmonk_temple_two_chambers

Skill      XL: |  1  2  3  4  5  6  7  8  9 10 |
---------------+-------------------------------+-----
Stealth        | 2 3 4 5 |  5.5
Dodging        | 2 3 4 |  4.3
Conjurations   | 5 6 7 8 |  8.3
Short Blades   | 1 |  1.3
Spellcasting   | 3 4 5 |  5.2
Translocations | 2 3 5 |  5.1
Fighting       | 1 3 |  3.6
Long Blades    | 1 3 5 6 |  6.0
Throwing       | |  0.7

Action                   |  1- 3 |  4- 6 |  7- 9 | 10-12 || total
-------------------------+-------+-------+-------+-------++-------
Melee: Dagger            |    27 |     4 |     3 |       ||    34
       Tailslap          |     2 |       |    11 |     1 ||    14
       Punch             |       |     1 |     1 |       ||     2
       Scimitar          |       |       |   103 |       ||   103
       Double sword      |       |       |    22 |    15 ||    37
Throw: Boomerang         |       |     4 |       |       ||     4
 Cast: Magic Dart        |    31 |    22 |    72 |     2 ||   127
       Searing Ray       |    23 |    31 |    35 |       ||    89
       Iskenderun's Myst |       |       |     2 |       ||     2
 Abil: Breathe Lightning |       |       |     2 |       ||     2
  Use: Scroll            |     4 |       |    20 |       ||    24
       Potion            |       |     4 |       |       ||     4
 Stab: Sleeping          |     3 |     1 |    11 |       ||    15
       Distracted        |       |       |     2 |       ||     2
Armor: Skin              |    12 |     9 |    65 |     4 ||    90
Dodge: Dodged            |    25 |    14 |   114 |    10 ||   163
